 Dungeon Crawl Stone Soup version 0.29.1-1-gd02db6906a (webtiles) character file.

Game seed: 12898948405095368311

13132 mtoz the Thaumaturge (level 11, -1/48 HPs)
             Began as a Deep Elf Conjurer on Sept 22, 2022.
             Was an Elder of Hepliaklqana.
             Slain by a seven-headed hydra (7 damage)
             ... on level 1 of the Lair of Beasts on Sept 24, 2022.
             The game lasted 02:08:54 (15703 turns).

mtoz the Thaumaturge (Deep Elf Conjurer)           Turns: 15703, Time: 02:08:55

Health: -1/48      AC: 17    Str:  6    XL:     11   Next: 71%
Magic:  0/27       EV: 13    Int: 26    God:    Hepliaklqana [****..]
Gold:   514        SH:  0    Dex: 13    Spells: 16/31 levels left

rFire   + . .      SeeInvis +   D - staff of conjuration
rCold   . . .      Faith    .   (no shield)
rNeg    . . .      Spirit   +   i - +0 acid dragon scales
rPois   .          Reflect  .   H - +0 helmet
rElec   .          Harm     .   T - +4 cloak "Hobbo" {rF+}
rCorr   +          Rampage  .   f - +0 pair of gloves
Will    +....                   b - +1 pair of boots
Stlth   +.........              z - amulet of guardian spirit
HPRegen 0.16/turn               u - ring of resist corrosion
MPRegen 0.20/turn               C - ring of see invisible

@: confused, ambrosia-drunk
A: reduced essence
a: Renounce Religion, Recall Ancestor, Ancestor Identity, Transference, Idealise


You were on level 1 of the Lair of Beasts.
You worshipped Hepliaklqana.
Hepliaklqana was greatly pleased with you.
You visited 3 branches of the dungeon, and saw 14 of its levels.

You collected 703 gold pieces.
You spent 189 gold pieces at shops.

Inventory:

Hand Weapons
 j - a +2 dagger of draining
 x - a +2 whip of draining
 E - a +1 hammer of holy wrath
 I - a +3 quarterstaff of chaos
Armour
 b - a +1 pair of boots (worn)
 f - a +0 pair of gloves (worn)
 i - +0 acid dragon scales (worn)
 r - a +1 ring mail of positive energy
 v - a +0 troll leather armour
 B - a +3 leather armour of willpower
 F - a +1 chain mail of cold resistance
 H - a +0 helmet (worn)
 J - a +1 cloak of preservation
 R - a scarf of resistance
 T - the +4 cloak "Hobbo" (worn) {rF+}
   (You found it on level 1 of the Lair of Beasts)

   rF:        It protects you from fire.
Magical Staves
 D - a staff of conjuration (weapon)
Jewellery
 u - a ring of resist corrosion (left hand)
 z - an amulet of guardian spirit (around neck)
 C - a ring of see invisible (right hand)
Wands
 m - a wand of digging (8)
 o - a wand of paralysis (4)
 y - a wand of iceblast (15)
 A - a wand of flame (26)
 S - a wand of polymorph (8)
Scrolls
 a - a scroll of immolation
 g - a scroll of poison
 h - a scroll of torment
 n - 7 scrolls of teleportation
 q - 2 scrolls of enchant weapon
 s - a scroll of amnesia
 t - 2 scrolls of summoning
 w - a scroll of identify
 G - 2 scrolls of vulnerability
 M - a scroll of magic mapping
 N - a scroll of noise
 O - a scroll of silence
 U - a scroll of enchant armour {unknown}
Potions
 c - a potion of mutation
 d - 2 potions of curing
 e - 4 potions of might
 k - 3 potions of flight
 p - a potion of degeneration
 K - 2 potions of haste
 L - a potion of cancellation
 V - a potion of resistance
 W - a potion of lignification
Miscellaneous
 P - a box of beasts


   Skills:
 + Level 5.7 Armour
 + Level 7.5 Dodging
 + Level 10.2 Stealth
 - Level 0.3 Shields
 + Level 10.5 Spellcasting
 + Level 9.5 Conjurations
 + Level 7.7 Hexes
 + Level 6.2 Invocations
 + Level 6.1 Evocations


You had 16 spell levels left.
You knew the following spells:

 Your Spells              Type           Power      Damage    Failure   Level
a - Magic Dart            Conj           100%       1d8       1%          1
b - Searing Ray           Conj           100%       2d8       1%          2
c - Dazzling Flash        Conj/Hex       100%       N/A       1%          3
d - Fulminant Prism       Conj/Hex       36%        3d18      2%          4
e - Iskenderun's Battles  Conj           76%        2d12      4%          5

Your spell library contained the following spells:

 Spells                   Type           Power      Damage    Failure   Level
 Foxfire                  Conj/Fire      100%       2x1d9     1%          1
 Shock                    Conj/Air       100%       1d9       1%          1
 Static Discharge         Conj/Air       55%        3-10/arc  1%          2
 Conjure Flame            Conj/Fire      55%        6-21      3%          3
 Inner Flame              Hex/Fire       33%        N/A       4%          3
 Apportation              Tloc           26%        N/A       9%          1
 Beastly Appendage        Tmut           26%        N/A       9%          1
 Freeze                   Ice            52%        1d7       9%          1
 Necrotise                Necr           52%        1d6       9%          1
 Summon Small Mammal      Summ           52%        N/A       9%          1
 Wereblood                Tmut           13%        N/A       12%         2
 Flame Wave               Conj/Fire      55%        2d13      12%         4
 Iskenderun's Mystic Bla  Conj/Tloc      55%        2d12      12%         4
 Ignite Poison            Fire/Tmut/Pois 13%        N/A       24%         3
 Spider Form              Tmut/Pois      13%        N/A       24%         3
 Fireball                 Conj/Fire      27%        3d12      32%         5
 Orb of Destruction       Conj           38%        9d11      80%         7
 Conjure Ball Lightning   Conj/Air       27%        3x3d8     87%         6
 Simulacrum               Ice/Necr       6%         N/A       100%        6
 Maxwell's Capacitive Co  Air            6%         ∞         100%        8
 Polar Vortex             Ice            6%         N/A       100%        9
 Shatter                  Erth           6%         3d9*      100%        9


Dungeon Overview and Level Annotations

Branches:
Dungeon (11/15)            Temple (0/1) D:5            Lair (2/5) D:11
    Orc (1/2) D:9
  Swamp: Lair:2-3    Shoals: Lair:2-3     Snake: Lair:2-3    Spider: Lair:2-3

Altars:
Ashenzari
Hepliaklqana
Nemelex Xobeh
Vehumet
Zin

Shops:
D:5 **   D:6 [


Message History

The seven-headed hydra looks frightened!
Khenut hits the seven-headed hydra with a +0 flail!
Khenut's attack snaps the seven-headed hydra out of its fear.
The seven-headed hydra bites you!
* * * LOW HITPOINT WARNING * * *
The seven-headed hydra barely misses you.
The seven-headed hydra bites you but does no damage. x2
The seven-headed hydra closely misses you.
The seven-headed hydra bites you.
* * * LOW HITPOINT WARNING * * *
The seven-headed hydra bites you but does no damage.
You feel better.
Khenut hits the seven-headed hydra with a +0 flail!
The seven-headed hydra bites you!
* * * LOW HITPOINT WARNING * * *
The seven-headed hydra barely misses you.
The seven-headed hydra bites you but does no damage. x2
The seven-headed hydra misses you.
The seven-headed hydra bites you but does no damage. x2
You are confused.
You feel invigorated.
Khenut barely misses the seven-headed hydra.
The seven-headed hydra bites you.
* * * LOW HITPOINT WARNING * * *
The seven-headed hydra bites you but does no damage. x2
The seven-headed hydra bites you!
* * * LOW HITPOINT WARNING * * *
The seven-headed hydra bites you but does no damage.
The seven-headed hydra completely misses you.
The seven-headed hydra closely misses you.
You are too confused!
Unknown command.
Okay, then.
You are too confused!
Unknown command.
You are more confused.
You feel more invigorated.
Khenut hits the seven-headed hydra with a +0 flail.
The seven-headed hydra bites you!
You die...

###...# ##...# #...#
##...# #### #...# #....#
..P# ### #...# ###..#
...####.###...# #...#
..............# #..##
.....#...#P..########...##
.....######...#DP##.##...#
...### #....R@......###
...# ##[......#....# .###
#....##(###...# ##
#..###### #...# # ##...#
#...# ##..<.# #...#
##.#..## #...# ##..####
#...# # #####...# #...#


You could see the friendly Khenut the knight and a seven-headed hydra (ally
target).

Vanquished Creatures
  A manticore (D:11)
  A kobold demonologist (D:9)
  A polar bear (Lair:2)
  A troll (D:11)
  4 blink frogs (Lair:1)
  Sigmund (D:2)
  A centaur simulacrum (D:11)
  3 vampires
  2 wyverns
  6 yaks
  A steam dragon (D:10)
  2 water moccasins (Lair:1)
  Duvessa (D:7)
  2 black bears
  A sky beast (D:7)
  An ice beast (D:6)
  An orc warrior (Orc:1)
  2 centaurs
  2 ogres
  4 wolves (Lair:1)
  A kobold brigand (D:7)
  3 bullfrogs
  2 gnoll sergeants
  3 necrophages (D:5)
  6 scorpions
  3 wights (D:9)
  Dowan (D:7)
  2 killer bees (D:6)
  3 electric eels (D:10)
  6 howler monkeys
  5 hounds
  2 orc priests
  Crazy Yiuf (D:7)
  Jessica (D:2)
  Ijyb (D:2)
  4 iguanas
  5 orc wizards
  11 adders
  17 gnolls
  A white imp (D:7)
  2 ufetubi (D:5)
  4 worms (D:3)
  23 orcs
  13 bats
  6 endoplasms
  2 giant cockroaches
  13 goblins
  9 hobgoblins
  7 jackals
  7 ball pythons
  3 frilled lizards
  10 kobolds
  6 rats
221 creatures vanquished.

Vanquished Creatures (collateral kills)
  A two-headed ogre (D:9)
  Pikel (D:7)
  A manticore (D:11)
  A komodo dragon (D:11)
  3 trolls
  3 blink frogs (Lair:1)
  6 yaks (Lair:1)
  A basilisk (Lair:1)
  An acid dragon (D:10)
  A water moccasin (D:9)
  A black bear (D:8)
  An orc warrior (D:9)
  A centaur (D:11)
  3 wolves
  A bullfrog (D:6)
  2 gnoll sergeants (D:7)
  A necrophage (D:6)
  2 wights (D:9)
  2 killer bees
  4 howler monkeys
  A gnoll bouda (D:7)
  An orc priest (D:8)
  2 iguanas (D:6)
  An orc wizard (D:6)
  7 gnolls
  An ufetubus (D:6)
  5 orcs
  2 jackals
  3 kobolds
60 creatures vanquished.

Vanquished Creatures (others)
  An ancestor (D:6)
  9 fulminant prisms
  17 fungi
  4 plants
  2 withered plants (D:2)
33 creatures vanquished.

Grand Total: 314 creatures vanquished

Notes
Turn   | Place    | Note
-------+----------+-------------------------------------------
     0 | D:1      | mtoz the Deep Elf Conjurer began the quest for the Orb.
     0 | D:1      | Reached XP level 1. HP: 10/10 MP: 6/6
   236 | D:1      | Reached XP level 2. HP: 15/15 MP: 4/8
   994 | D:1      | Reached XP level 3. HP: 19/19 MP: 7/10
  1247 | D:2      | Noticed Jessica
  1251 | D:2      | Killed Jessica
  1281 | D:2      | Found a faded altar of an unknown god.
  1300 | D:2      | Noticed Ijyb
  1303 | D:2      | Paralysed by Ijyb for 5 turns
  1318 | D:2      | Killed Ijyb
  1319 | D:2      | Reached skill level 5 in Conjurations
  1319 | D:2      | Reached XP level 4. HP: 9/24 MP: 7/12
  1725 | D:2      | Got the Spellbook of the Charred Chill
  1726 | D:2      | Noticed Sigmund
  1735 | D:2      | Killed Sigmund
  1736 | D:2      | Reached XP level 5. HP: 26/28 MP: 5/14
  2141 | D:3      | Found a broken altar of Ashenzari.
  2144 | D:3      | Reached XP level 6. HP: 32/32 MP: 11/15
  2148 | D:3      | Found a hazy altar of Hepliaklqana.
  2362 | D:3      | Reached skill level 5 in Spellcasting
  2782 | D:3      | Learned a level 2 spell: Searing Ray
  3188 | D:3      | Found a sparkling altar of Nemelex Xobeh.
  3666 | D:4      | Reached skill level 1 in Armour
  3666 | D:4      | Reached skill level 5 in Stealth
  3793 | D:4      | Reached XP level 7. HP: 36/36 MP: 13/17
  3900 | D:4      | Reached skill level 5 in Dodging
  5156 | D:3      | Became a worshipper of Hepliaklqana the Forgotten
  5200 | D:5      | Entered Level 5 of the Dungeon
  5348 | D:5      | Reached XP level 8. HP: 30/41 MP: 5/19
  5472 | D:5      | Found a staircase to the Ecumenical Temple.
  5677 | D:5      | Found Zin's Purification Station.
  5679 | D:5      | Found a glowing silver altar of Zin.
  6250 | D:5      | Reached * piety under Hepliaklqana
  6299 | D:5      | Found Suatwann's Assorted Antiques.
  6306 | D:5      | Bought a scroll of identify for 54 gold pieces
  6307 | D:5      | Bought a thin brass amulet for 135 gold pieces
  7090 | D:6      | You fall into a shaft and drop 2 floors!
  7248 | D:6      | Reached skill level 1 in Hexes
  7280 | D:6      | Reached skill level 1 in Invocations
  7491 | D:6      | Reached skill level 1 in Evocations
  7799 | D:6      | Found Keresaspa's Dragon-Slaying Spoils.
  7967 | D:6      | Reached XP level 9. HP: 37/40 MP: 13/22
  8410 | D:7      | Noticed Duvessa
  8414 | D:7      | Noticed Dowan
  8422 | D:7      | Killed Duvessa
  8423 | D:7      | Killed Dowan
  8675 | D:7      | Noticed Pikel
  8686 | D:7      | Killed Pikel
  8989 | D:7      | Found a runed translucent door.
  8990 | D:7      | Noticed Crazy Yiuf
  9009 | D:7      | Reached ** piety under Hepliaklqana
  9010 | D:7      | Remembered your ancestor Khenut as a knight
  9512 | D:7      | Got the Omnibus of Fulgurant Excavation
  9519 | D:7      | Learned a level 3 spell: Dazzling Flash
  9524 | D:7      | Learned a level 4 spell: Fulminant Prism
  9916 | D:7      | Killed Crazy Yiuf
 10175 | D:8      | Reached XP level 10. HP: 45/45 MP: 15/24
 10325 | D:8      | Found a radiant altar of Vehumet.
 10686 | D:9      | Reached skill level 5 in Hexes
 11171 | D:9      | Reached *** piety under Hepliaklqana
 11491 | D:9      | Found a staircase to the Orcish Mines.
 11539 | D:9      | Noticed a two-headed ogre
 11547 | D:9      | Killed a two-headed ogre
 11820 | Orc:1    | Entered Level 1 of the Orcish Mines
 11914 | D:10     | Entered Level 10 of the Dungeon
 12305 | D:10     | Reached skill level 5 in Invocations
 12514 | D:10     | Reached skill level 5 in Armour
 13015 | D:10     | Identified a scroll of acquirement
 13018 | D:10     | Acquired a staff of conjuration
 13047 | D:11     | Reached skill level 5 in Evocations
 13206 | D:11     | Noticed a manticore
 13206 | D:11     | Found a staircase to the Lair.
 13210 | D:11     | Killed a manticore
 13211 | D:11     | Reached XP level 11. HP: 38/48 MP: 13/26
 13279 | Lair:1   | Entered Level 1 of the Lair of Beasts
 13431 | D:11     | Reached **** piety under Hepliaklqana
 14108 | D:11     | Learned a level 5 spell: Iskenderun's Battlesphere
 14503 | Lair:1   | Reached skill level 10 in Spellcasting
 14816 | Lair:1   | Identified the +4 cloak "Hobbo" {rF+}
 14936 | Lair:1   | Reached skill level 10 in Stealth
 15691 | Lair:2   | Noticed a seven-headed hydra
 15702 | Lair:1   | HP: 2/48 [seven-headed hydra (4)]
 15703 | Lair:1   | Slain by a seven-headed hydra

Illustrated notes

Levels and vault maps discovered:
D:1:      dpeg_arrival_lava_altar, layout_loops_ring,
          minmay_misc_feat_more_columns
D:2:      kennysheep_the_goblin_king, layout_loops_ring,
          ebering_ecumenical_altar_petrified, uniq_jessica, uniq_sigmund
D:3:      layout_basic, nicolae_overflow_hidden_temple,
          nemelex_dance_club_becter, minivault_11, hex_tiny, minmay_quantized
D:4:      old_forge, layout_basic, uniq_ijyb
D:5:      layout_layer_cave, zin_purify, minmay_temple_entry_water_ring,
          serial_shops, kennysheep_little_box
D:6:      layout_rooms, nicolae_shop_dragon_depot
D:7:      layout_cave_pools, serial_gnoll_camp, gnoll_camp_mini_house,
          gnoll_camp_mini_hut, gnoll_camp_huts_basic, gnoll_camp_mini_doghouse,
          minmay_misc_feat_nine_boxes, uniq_pikel, uniq_duvessa,
          uniq_crazy_yiuf_cottage
D:8:      layout_cave_pools, nicolae_vehumet_radiance
D:9:      layout_gridville, orc_0_dummy
D:10:     layout_basic
D:11:     layout_long_grid, lair_entry_dummy
Lair:1:   layout_concentric_octagons
Lair:2:   layout_loops_ring, spider_nest_entry_a, beast_lair_carwin_3,
          grunt_megastairs_4
Orc:1:    layout_diamond_mine

Skill      XL: |  1  2  3  4  5  6  7  8  9 10 11 |
---------------+----------------------------------+-----
Stealth        | 3 4 5 6 7 8 9 10 | 10.2
Dodging        | 3 4 5 6 7 |  7.5
Spellcasting   | 4 5 6 7 8 9 10 | 10.5
Conjurations   | 5 6 7 8 9 |  9.5
Armour         | 1 2 3 4 5 |  5.7
Hexes          | 2 4 6 7 |  7.7
Invocations    | 1 3 5 6 |  6.2
Evocations     | 1 3 5 6 |  6.1
Shields        | |  0.3

Action                   |  1- 3 |  4- 6 |  7- 9 | 10-12 || total
-------------------------+-------+-------+-------+-------++-------
 Cast: Magic Dart        |    69 |   108 |   263 |   162 ||   602
       Searing Ray       |       |     2 |    43 |    46 ||    91
       Dazzling Flash    |       |       |     1 |     2 ||     3
       Fulminant Prism   |       |       |       |     9 ||     9
Invok: Ancestor Identity |       |       |     2 |       ||     2
       Ancestor Life: Kn |       |       |     1 |       ||     1
       Transference      |       |       |       |     1 ||     1
       Idealise          |       |       |       |     1 ||     1
Evoke: Wand              |       |       |     1 |     9 ||    10
  Use: Potion            |     1 |       |     5 |     7 ||    13
       Scroll            |       |     7 |     7 |     8 ||    22
Armor: Ring mail         |       |     6 |    18 |       ||    24
       Leather armour    |       |       |    33 |     3 ||    36
       Troll leather arm |       |       |       |     7 ||     7
       Acid dragon scale |       |       |       |    23 ||    23
Dodge: Dodged            |     6 |     7 |    77 |    50 ||   140
